Map: [ESL] Hecate

Players

Silky

  • Race: Zerg Zerg
  • Spawn Location: 1:00

Nice - Winner!

  • Race: Protoss Protoss
  • Spawn Location: 7:00

Event: ESL SC2 Masters 2023 Winter (Regional)

VOD

Have the link to the VOD?

Description

Time

  • Played on: Oct. 29, 2023, 7:09 a.m.
  • Length: 8:23

All games in this series

Show
View Real Time Build Order
Export as new Build Order

Silky Zerg 

Build Orders: Hatch First 

Get SALT Encoding   

  12  0:00  Drone  
  13  0:12  Overlord  
  13  0:17  Drone  
  14  0:30  Drone  
  14  0:32  Drone  
  16  0:48  Hatchery  
  15  0:51  Drone  
  15  0:55  Drone  
  17  0:58  Drone  
  18  1:05  Extractor  
  17  1:13  Spawning Pool  
  17  1:17  Drone  
  17  1:20  Drone  
  18  1:28  Drone  
  19  1:39  Drone  
  20  1:50  Drone  
  21  2:00  Queen x2  
  26  2:01  Drone  
  26  2:02  Zergling x2  
  26  2:05  Metabolic Boost  
  27  2:10  Overlord  
  27  2:19  Drone  
  28  2:30  Hatchery  
  28  2:34  Drone x2  
  29  2:37  Zergling x2  
  29  2:43  Drone x2  
  32  2:48  Queen  
  34  2:53  Overlord  
  34  2:57  Drone  
  34  2:58  Drone  
  36  3:05  Overlord  
  36  3:15  Drone x2  
  36  3:16  Drone x3  
  36  3:19  Queen  
  43  3:26  Queen  
  45  3:29  Zergling x4  
  47  3:35  Drone  
  47  3:38  Drone  
  49  3:42  Drone x2  
  49  3:46  Drone x2  
  49  3:47  Drone  
  54  3:49  Overlord  
  54  3:56  Extractor, Lair  
  54  3:59  Spore Crawler  
  54  4:00  Spore Crawler, Overlord  
  51  4:08  Overlord  
  51  4:10  Drone x4  
  51  4:14  Overlord  
  55  4:20  Drone x2  
  55  4:23  Drone  
  58  4:26  Extractor  
  58  4:30  Drone x5  
  62  4:33  Drone, Spore Crawler  
  62  4:37  Drone  
  62  4:38  Drone  
  63  4:39  Drone  
  63  4:40  Drone x2  
  66  4:47  Drone  
  66  4:48  Drone x2  
  66  4:52  Zergling x2  
  69  4:55  Hydralisk Den  
  69  4:57  Zergling x2, Extractor  
  69  4:58  Zergling x6  
  71  5:03  Drone  
  71  5:06  Zergling x2  
  73  5:09  Overlord  
  73  5:10  Zergling x2  
  73  5:14  Drone  
  73  5:15  Overlord x4  
  74  5:25  Muscular Augments  
  74  5:27  Hydralisk  
  74  5:28  Hydralisk x3  
  82  5:33  Hydralisk x2  
  86  5:37  Zergling x2  
  86  5:38  Zergling x4  
  86  5:39  Hydralisk  
  89  5:48  Hydralisk  
  89  5:49  Hydralisk x2  
  94  5:50  Zergling x4  
  94  5:55  Zergling x4  
  85  6:01  Zergling x2, Hydralisk  
  79  6:10  Zergling x2  
  79  6:11  Zergling x4  
  76  6:15  Hydralisk  
  72  6:20  Zergling x6  
  72  6:25  Hydralisk  
  73  6:29  Zergling x4  
  75  6:35  Grooved Spines  
  73  6:44  Hydralisk  
  73  6:48  Zergling x4  
  71  6:59  Hydralisk  
  71  7:00  Zergling x6  
  76  7:07  Hydralisk  
  74  7:11  Zergling x8  
  74  7:14  Zergling x4  
  79  7:17  Hydralisk  
  79  7:21  Hydralisk  
  83  7:23  Zergling x2  
Show
View Real Time Build Order
Export as new Build Order

Nice Protoss - Winner!

Build Orders: 1 Gate Expand, Oracle Opening 

Get SALT Encoding   

  12  0:00  Probe  
  13  0:12  Probe  
  14  0:19  Pylon  
  14  0:24  Probe  
  15  0:37  Probe (Chrono Boost)  
  15  0:38  Gateway  
  16  0:47  Assimilator  
  16  0:48  Probe (Chrono Boost)  
  17  0:52  Probe (Chrono Boost)  
  18  1:03  Probe  
  19  1:15  Probe  
  20  1:23  Nexus  
  20  1:32  Cybernetics Core  
  20  1:38  Assimilator  
  20  1:40  Probe  
  21  1:47  Pylon  
  21  1:52  Probe  
  22  2:02  Probe  
  22  2:06  Adept (Chrono Boost)  
  23  2:10  Probe  
  26  2:18  Probe  
  26  2:20  Stargate  
  27  2:27  Warp Gate  
  27  2:31  Adept  
  27  2:34  Probe (Chrono Boost)  
  27  2:35  Probe (Chrono Boost)  
  33  2:45  Probe (Chrono Boost)  
  33  2:46  Probe (Chrono Boost)  
  33  2:50  Gateway  
  33  2:51  Probe  
  38  3:07  Probe  
  38  3:08  Void Ray (Chrono Boost)  
  38  3:10  Probe  
  41  3:20  Probe  
  41  3:22  Pylon  
  41  3:23  Probe  
  42  3:32  Probe  
  43  3:35  Probe  
  43  3:37  Oracle (Chrono Boost)  
  47  3:44  Probe  
  47  3:47  Twilight Council  
  48  3:53  Nexus  
  48  3:56  Pylon  
  48  4:08  Gateway  
  48  4:09  Gateway  
  48  4:14  Gateway  
  48  4:18  Gateway  
  48  4:24  Resonating Glaives (Chrono Boost), Adept  
  48  4:25  Adept  
  48  4:30  Probe  
  53  4:35  Probe  
  54  4:42  Probe, Pylon  
  55  4:50  Adept x2  
  55  4:52  Pylon, Probe  
  60  4:54  Probe  
  61  5:02  Pylon  
  62  5:13  Adept  
  62  5:14  Adept x3  
  70  5:15  Adept x2  
  70  5:16  Probe  
  70  5:17  Probe  
  70  5:19  Probe  
  76  5:30  Pylon  
  76  5:34  Adept x3  
  76  5:35  Adept  
  84  5:39  Adept  
  84  5:42  Adept  
  88  5:44  Probe x2  
  88  5:45  Probe  
  90  5:53  Charge (Chrono Boost)  
  90  5:56  Probe x2  
  90  5:58  Probe  
  89  6:08  Probe  
  89  6:09  Probe  
  89  6:10  Zealot x6  
  93  6:23  Probe  
  93  6:24  Probe x2  
  88  6:30  Zealot x5  
  88  6:31  Zealot  
  96  6:40  Probe  
  97  6:48  Gateway, Forge  
  97  6:51  Gateway  
  97  6:53  Forge  
  93  6:56  Zealot x5  
  93  7:00  Zealot  
  99  7:01  Probe x3  
  99  7:05  Assimilator  
  99  7:06  Assimilator  
  102  7:11  Pylon  
  102  7:15  Shield Battery  
  102  7:20  Templar Archives, Probe x2  
  104  7:26  Zealot x2  
Tags
 
Add a new tag
Caveats
  • Supply blocks, unpowered buildings, or Contaminate may cause inaccurate times.
  • Supply counts are checked every 10 seconds.